[Event "Late-Titled-Tuesday-Blitz-April-02-2024"]
[Site "Chess.com"]
[Date "2024.04.02"]
[Round "3"]
[White "akanga001"]
[Black "Bob_2004"]
[Result "1-0"]
[WhiteElo "2147"]
[BlackElo "2326"]
[TimeControl "180+1"]
[EndTime "14:27:19 PDT"]
[Termination "akanga001 won by checkmate"]

1. d4 Nf6 2. Nf3 c5 3. c3 d5 4. Bg5 Nc6 5. Nbd2 Qb6 6. dxc5 Qxb2 7. Bxf6 exf6 8. Qc1 Qxc1+ 9. Rxc1 Bxc5 10. e3 O-O 11. Nb3 Ba3 12. Rd1 Rd8 13. Be2 Bb2 14. c4 Bc3+ 15. Nbd2 dxc4 16. Bxc4 Be6 17. O-O Bxd2 18.
Bxe6 fxe6 19. Rxd2 Rxd2 20. Nxd2 Rd8 21. Ne4 Kf7 22.
g3 Rd3 23. Rb1 b6 24. Rc1 Na5 25. Rc7+ Kg6 26. Rxa7 Ra3 27. h4 h5 28. Ra6 Ra4 29. Nc3 Ra3 30. Ne2 Rxa2 31. Nf4+ Kh6 32. Rxb6 e5 33.
Ne6 Nc4 34. Rb7 g5 35. Nf8 g4 36. Rh7# 1-0

[Event "Late-Titled-Tuesday-Blitz-April-02-2024"]
[Site "Chess.com"]
[Date "2024.04.02"]
[Round "3"]
[White "NikitaShnadrygin"]
[Black "LiemLe"]
[Result "0-1"]
[WhiteElo "2662"]
[BlackElo "3023"]
[TimeControl "180+1"]
[EndTime "14:27:20 PDT"]
[Termination "LiemLe won by resignation"]

1. e4 c5 2. Nf3 Nc6 3. d4 cxd4 4. Nxd4 e5 5. Nb5 d6 6. N1c3 a6 7. Na3 Be6 8. Nd5 Nf6 9. c4 Nxe4 10. Bd3 Bxd5 11. cxd5 Qa5+ 12. Kf1 Qxd5 13. Nc4 Nc5 14. Nb6 Qxd3+ 15. Qxd3 Nxd3 16. Nxa8 Be7 17. Nb6 Bd8 18. Nd5 Kd7 19. Be3 Ke6 20. Nc3 d5 21. Rd1 e4 22. Na4 d4 23. Bc1 Kd5 24. b3 b5 25.
Nb2 Ndb4 26. a3 Nc2 27. f3 f5 28. Ke2 Bf6 29. fxe4+ fxe4 30. Rhf1 d3+ 31. Nxd3 N2d4+ 32. Ke3 exd3 33. Kxd3 Nxb3 34. Rf5+ Ke6 35. g4 Rd8+ 36. Kc2 Nbd4+ 0-1

[Event "Late-Titled-Tuesday-Blitz-April-02-2024"]
[Site "Chess.com"]
[Date "2024.04.02"]
[Round "3"]
[White "katharinareinecke"]
[Black "MaestroCheck"]
[Result "0-1"]
[WhiteElo "2005"]
[BlackElo "2552"]
[TimeControl "180+1"]
[EndTime "14:27:20 PDT"]
[Termination "MaestroCheck won by resignation"]

1. d4 d5 2. c4 c6 3. Nf3 Nf6 4.
g3 dxc4 5. Bg2 b5 6. O-O Bb7 7.
a4 e6 8. b3 cxb3 9. Qxb3 a6 10. Nbd2 Nbd7 11. Ne5 Nxe5 12. dxe5 Nd5 13. Ne4 Be7 14.
Ba3 O-O 15. Nd6 Bxd6 16. Bxd6 Re8 17. Rac1 Nb6 18. Bxc6 Bxc6 19. Rxc6 Nxa4 20. Rfc1 Qa5 21. Bb4 Qd8 22. Rd1 Qb8 23. Rd7 Qxe5 24. Rcc7 Rac8 25. Rxc8 Rxc8 26. Qf3 Qf6 27. Qb7 Rc1+ 28. Kg2 h6 29. Qxa6 Qf5 30. Qa8+ Kh7 31. Rd8 Rc2 32.
Qf3 Qxf3+ 33. Kxf3 Rc4 34. Be7 Nc3 35. Rb8 Nd5 36.
Bf8 Rc3+ 37. e3 Rb3 38. Ke4 Kg6 39. Kd4 Rb2 40. h4 Nf6 41. Kc5 Nd7+ 0-1

[Event "Late-Titled-Tuesday-Blitz-April-02-2024"]
[Site "Chess.com"]
[Date "2024.04.02"]
[Round "3"]
[White "secretworker2027"]
[Black "Shankland"]
[Result "1/2-1/2"]
[WhiteElo "2621"]
[BlackElo "2906"]
[TimeControl "180+1"]
[EndTime "14:27:21 PDT"]
[Termination "Game drawn by agreement"]

1. e4 c5 2. Nc3 Nc6 3. Bb5 Nd4 4. Bc4 e6 5. Nf3 Nf6 6. O-O a6 7. d3 b5 8. Bb3 Nxb3 9. axb3 Bb7 10. e5 Nd5 11.
Ne4 d6 12. exd6 Bxd6 13. Nfg5 O-O 14. Nxd6 Qxd6 15. Qh5 Nf6 16. Qh4 h6 17. Ne4 Nxe4 18. dxe4 Rad8 19. Be3 Qe5 20. Rfe1 Rd7 21. c3 Rfd8 22.
Qg3 Qxg3 23. hxg3 Rc8 24. f3 f5 25. exf5 exf5 26. Rad1 Rd5 27. Rxd5 Bxd5 28. Ra1 Rc6 29. b4 cxb4 30. cxb4 g5 31. Bc5 Kf7 32. Rd1 Ke6 33.
Re1+ Kf6 34. Rd1 Be6 35. Rd6 Rxd6 36. Bxd6 g4 37. f4 Bd5 38. Kf2 Be4 39. Bc7 Ke6 40. Bd8 Kd5 41. Bf6 Kc4 42. Bc3 Kb3 43. Kf1 Kc2 44.
Kf2 Kd1 45. Be5 Bd3 46. Bc3 Bc4 47. Be5 Kd2 48. Bg7 h5 49. Be5 Bd5 50. Bc3+ Kc2 51. Kf1 Kb3 52. Kf2 1/2-1/2

[Event "Late-Titled-Tuesday-Blitz-April-02-2024"]
[Site "Chess.com"]
[Date "2024.04.02"]
[Round "3"]
[White "Valiyev_Shahin"]
[Black "Crazy_girl99"]
[Result "0-1"]
[WhiteElo "2403"]
[BlackElo "2622"]
[TimeControl "180+1"]
[EndTime "14:27:21 PDT"]
[Termination "Crazy_girl99 won on time"]

1. e4 e5 2. Nf3 Nc6 3. Bb5 a6 4. Ba4 Nf6 5. O-O Nxe4 6. d4 b5 7. Bb3 d5 8. dxe5 Be6 9. Qe2 Be7 10. Rd1 Bc5 11. Be3 Bxe3 12. Qxe3 O-O 13. c3 Na5 14.
Bc2 Nc4 15. Qc1 Qe7 16. b3 Qc5 17. bxc4 Qxf2+ 18. Kh1 bxc4 19. Rf1 Qe2 20. Nd4 Qg4 21. Bxe4 Qxe4 22. Qe1 Qd3 23. Rf3 Qg6 24. Rg3 Qh5 25. Nd2 c5 26. Nxe6 fxe6 27. Qe3 Rac8 28. Nf3 Rc7 29.
Rb1 Qf5 30. Rb6 d4 31. cxd4 cxd4 32. Nxd4 Qf1+ 33. Qg1 c3 34. Nxe6 c2 0-1

[Event "Late-Titled-Tuesday-Blitz-April-02-2024"]
[Site "Chess.com"]
[Date "2024.04.02"]
[Round "3"]
[White "PawnEatingZombie"]
[Black "Chempiblinka"]
[Result "1-0"]
[WhiteElo "2177"]
[BlackElo "2353"]
[TimeControl "180+1"]
[EndTime "14:27:21 PDT"]
[Termination "PawnEatingZombie won by checkmate"]

1. e4 c5 2. c3 Nf6 3. e5 Nd5 4. Nf3 Nc6 5. Bc4 Nb6 6. Bb3 d6 7. exd6 exd6 8. O-O Be7 9. h3 O-O 10. d4 cxd4 11. cxd4 d5 12. Nc3 Bf5 13. Re1 Bf6 14.
a3 Rc8 15. Bf4 a6 16. Ba2 Na5 17. Ne5 Nac4 18. Bxc4 Nxc4 19. Nxc4 Rxc4 20. Be5 Bg5 21. Qf3 Be6 22. Rad1 Qa5 23. Qg3 Bh6 24. Re3 Qb6 25.
Re2 Qb3 26. Rde1 g6 27. Nxd5 Bxd5 28. Qxb3 b5 29. Qg3 Rfc8 30. h4 Bf8 31. h5 b4 32.
hxg6 hxg6 33. Qh3 Bg7 34. Bxg7 Kxg7 35. Qg3 bxa3 36. bxa3 Rc3 37. Qe5+ Kg8 38. Qxd5 a5 39. Re8+ Rxe8 40. Rxe8+ Kh7 41. Qe5 Kh6 42. Rh8# 1-0

[Event "Late-Titled-Tuesday-Blitz-April-02-2024"]
[Site "Chess.com"]
[Date "2024.04.02"]
[Round "3"]
[White "Andrei_Skvortsov"]
[Black "shimastream"]
[Result "0-1"]
[WhiteElo "2661"]
[BlackElo "3009"]
[TimeControl "180+1"]
[EndTime "14:27:22 PDT"]
[Termination "shimastream won by resignation"]

1. e4 b6 2. Nc3 Bb7 3. a3 e6 4. Nf3 c5 5. d4 cxd4 6. Qxd4 d6 7.
Bb5+ Nd7 8. O-O Nf6 9. Bg5 e5 10. Qd3 a6 11. Bxf6 Qxf6 12. Bxd7+ Kxd7 13. Na4 Kc7 14. Qe3 b5 15. Nb6 Rb8 16. c4 Qf4 17. Qxf4 exf4 18.
Nd5+ Kd7 19. Ng5 f6 20. Nh3 Bxd5 21. cxd5 g5 22. Rac1 Be7 23. f3 Bd8 24. Rc6 Bb6+ 25.
Kh1 Rhc8 26. Rfc1 Bd4 27. b3 Bb2 28. Rxc8 Rxc8 29. Rxc8 Kxc8 30. a4 bxa4 31. bxa4 Kc7 32. g3 fxg3 33. hxg3 Kb6 34. f4 gxf4 35. Nxf4 Ka5 36. Nd3 Bd4 37. Kg2 Kxa4 38. Kf3 a5 39. Nf4 Kb3 40. Ne6 Be5 41. g4 a4 0-1

[Event "Late-Titled-Tuesday-Blitz-April-02-2024"]
[Site "Chess.com"]
[Date "2024.04.02"]
[Round "3"]
[White "Mackster23"]
[Black "Fengwi"]
[Result "1-0"]
[WhiteElo "2624"]
[BlackElo "2428"]
[TimeControl "180+1"]
[EndTime "14:27:26 PDT"]
[Termination "Mackster23 won on time"]

1. e4 c5 2. Nf3 Nc6 3. d4 cxd4 4. Nxd4 g6 5. c4 Bg7 6. Be3 Qb6 7. Nb3 Qd8 8. Nd4 Qb6 9. Nb3 Qd8 10. Qd2 Nf6 11. Nc3 O-O 12. Be2 d6 13. O-O a5 14.
Rfe1 a4 15. Nd4 Nxd4 16. Bxd4 Qa5 17. Rad1 Be6 18. Bf1 Rfc8 19. Nd5 Qxd2 20. Rxd2 Bxd5 21. exd5 Nd7 22. Rxe7 Bxd4 23. Rxd4 Nc5 24. Rf4 Rf8 25. Rf6 Rad8 26. g4 h6 27. h4 Kg7 28. g5 hxg5 29.
hxg5 a3 30. b4 Na4 31. Bd3 Nc3 32. Rxg6+ Kh8 33. Rh6+ Kg7 34. Rh7+ Kg8 35. g6 Nxa2 36. gxf7+ Rxf7 37. Rexf7 Nxb4 38. Bb1 a2 39. Bxa2 Nxa2 40. Rxb7 Nc3 41. Rbg7+ Kf8 42. Rh8+ Kxg7 43. Rxd8 1-0

[Event "Late-Titled-Tuesday-Blitz-April-02-2024"]
[Site "Chess.com"]
[Date "2024.04.02"]
[Round "3"]
[White "UK_23"]
[Black "Ar4uha"]
[Result "0-1"]
[WhiteElo "2403"]
[BlackElo "2597"]
[TimeControl "180+1"]
[EndTime "14:27:26 PDT"]
[Termination "Ar4uha won by checkmate"]

1. e4 c5 2. Nf3 Nc6 3. Bb5 g6 4.
Nc3 Nd4 5. a4 Bg7 6. O-O e6 7.
Re1 Ne7 8. Bf1 O-O 9. Nxd4 cxd4 10. Ne2 d5 11. exd5 Nxd5 12. d3 Bd7 13. Nf4 Bc6 14. Nxd5 Qxd5 15. Bf4 Rac8 16. Qd2 Rfe8 17. Bh6 Bh8 18.
b3 b6 19. Re2 Ba8 20. Rae1 Rc5 21. Qf4 Rec8 22. h4 e5 23. Qg4 f5 24. Qg3 Rxc2 25.
Rxe5 Bxe5 26. Rxe5 Qf7 27. Qg5 Re8 28. Rxe8+ Qxe8 29. Qf6 Rc7 30. Qxd4 Re7 31. Qf6 Rf7 32. Qd6 Rd7 33. Qf6 Qe7 34. Qc3 Bb7 35. d4 Qxh4 36.
Bc4+ Bd5 37. Qe3 Kf7 38. Bg5 Qe4 39. Qh3 h5 40. Qc3 Qxg2# 0-1

[Event "Late-Titled-Tuesday-Blitz-April-02-2024"]
[Site "Chess.com"]
[Date "2024.04.02"]
[Round "3"]
[White "Indefatigable11"]
[Black "kingofthenil"]
[Result "1-0"]
[WhiteElo "2110"]
[BlackElo "2784"]
[TimeControl "180+1"]
[EndTime "14:27:26 PDT"]
[Termination "Indefatigable11 won on time"]

1. d4 Nf6 2. c4 e6 3. Nc3 d5 4. cxd5 Nxd5 5. e4 Nxc3 6. bxc3 c5 7.
Nf3 cxd4 8. cxd4 Bb4+ 9. Bd2 Bxd2+ 10. Qxd2 b6 11. Bb5+ Bd7 12. Bd3 O-O 13. O-O Nc6 14.
Rac1 Qe7 15. Bb5 Rac8 16. Rfe1 Na5 17. Bxd7 Qxd7 18. Ne5 Qa4 19. d5 Rxc1 20. Qxc1 exd5 21. exd5 Qxa2 22. d6 Qd5 23. Qc7 Nb7 24. d7 Nc5 25. Qxa7 f6 26. Nf3 Nxd7 27. h3 Rc8 28.
Qa3 b5 29. Re7 Qc5 30. Qb3+ Qc4 31. Qxc4+ bxc4 32. Rxd7 c3 33. Rd1 Kf7 34. Ne1 Ke6 35. Kf1 Ra8 36. Rc1 Ra3 37. Nc2 Ra2 38. Nd4+ Ke5 39. Nb5 c2 40. Ke2 Rb2 41. Nc3 g5 42.
Kd2 g4 43. hxg4 Kf4 44. Rxc2 Rb7 45. f3 Rd7+ 46. Ke1 f5 47. Ne2+ Kg5 48. Rc5 Ra7 49. Rxf5+ Kh6 50. Nf4 1-0

[Event "Late-Titled-Tuesday-Blitz-April-02-2024"]
[Site "Chess.com"]
[Date "2024.04.02"]
[Round "3"]
[White "smotherhubbard"]
[Black "rk12387"]
[Result "1-0"]
[WhiteElo "2359"]
[BlackElo "2131"]
[TimeControl "180+1"]
[EndTime "14:27:26 PDT"]
[Termination "smotherhubbard won by resignation"]

1. d4 Nf6 2. c4 e5 3. dxe5 Ng4 4. Bf4 Nc6 5. Nf3 Bb4+ 6. Nbd2 Qe7 7. e3 Ngxe5 8.
Nxe5 Nxe5 9. a3 Bc5 10. b4 Bd4 11. Rc1 d6 12. Be2 Ng6 13. Bg3 Bb2 14. Rb1 Bc3 15.
O-O Bf5 16. Rb3 Be5 17. f4 Bf6 18. Bf3 Rb8 19. e4 Bd7 20. Re1 Bh4 21. e5 Bxg3 22. hxg3 dxe5 23. fxe5 O-O 24. Rbe3 Be6 25. Qc2 c5 26. b5 Rfd8 27. Ne4 Bf5 28. Qc3 Bxe4 29. Rxe4 Nf8 30. e6 Nxe6 31. Rg4 g6 32. Bd5 Rd6 33.
Rge4 Rbd8 34. Qe3 Qg5 35. Rxe6 Rxe6 36. Qxg5 Rxe1+ 37. Kf2 Rde8 38. Bxb7 f5 39. Qf6 R8e2+ 40. Kf3 Re3+ 41. Kf4 Re6 42. Bd5 Rf1+ 43. Kg5 h6+ 44. Kxg6 1-0

[Event "Late-Titled-Tuesday-Blitz-April-02-2024"]
[Site "Chess.com"]
[Date "2024.04.02"]
[Round "3"]
[White "HeroWilczek"]
[Black "Joshuachick"]
[Result "0-1"]
[WhiteElo "2542"]
[BlackElo "2876"]
[TimeControl "180+1"]
[EndTime "14:27:27 PDT"]
[Termination "Joshuachick won by resignation"]

1. e4 c6 2. Nc3 g6 3. d4 Bg7 4.
Nf3 d5 5. Be2 dxe4 6. Nxe4 Nf6 7.
Nxf6+ exf6 8. O-O O-O 9. Re1 Be6 10. Bf4 Nd7 11. Qd2 Nb6 12. b3 Nd5 13. Bg3 Qd7 14.
c4 Ne7 15. Rad1 Rfd8 16. Bf4 a5 17. a4 g5 18. Be3 h6 19. Bd3 Ng6 20. Qc2 f5 21.
Bc1 f4 22. Bxg6 fxg6 23. Ne5 Bf5 24. Qe2 Qc7 25. Bb2 Kh7 26. Qf3 Re8 27. h3 Re7 28.
Nd3 Rae8 29. Rxe7 Rxe7 30. Re1 Bxd3 31. Rxe7 Qxe7 32. Qxd3 Qe1+ 33. Kh2 Qxf2 34. Bc3 c5 35. d5 Qg3+ 36. Qxg3 fxg3+ 37. Kxg3 Bxc3 38. Kf3 Kg7 39. Ke4 Kf6 40. g4 Ke7 0-1

[Event "Late-Titled-Tuesday-Blitz-April-02-2024"]
[Site "Chess.com"]
[Date "2024.04.02"]
[Round "3"]
[White "cedchass2006"]
[Black "slidingknight2775"]
[Result "1-0"]
[WhiteElo "2425"]
[BlackElo "2587"]
[TimeControl "180+1"]
[EndTime "14:27:27 PDT"]
[Termination "cedchass2006 won by checkmate"]

1. e4 c5 2. Nf3 d6 3. Bb5+ Bd7 4. Bxd7+ Nxd7 5. O-O Ngf6 6. Qe2 e6 7. c3 Be7 8. d4 cxd4 9. cxd4 d5 10. e5 Ne4 11.
Nbd2 Nxd2 12. Bxd2 O-O 13. Rfc1 Qb6 14. Bc3 Rfc8 15.
a3 a5 16. h4 Qa6 17. Qe3 b5 18. h5 h6 19. g4 Qb6 20. g5 hxg5 21. Nxg5 b4 22.
axb4 axb4 23. Bd2 Rxa1 24. Rxa1 Bxg5 25. Qxg5 Qxd4 26. Bf4 f6 27. exf6 Qxf6 28. Qg3 Nf8 29. Be5 Qf7 30. Ra4 Nd7 31. Ra7 Nxe5 32. Rxf7 Nxf7 33. Qg4 Rb8 34. Qxe6 b3 35. Qxd5 Rb6 36. Kf1 Kf8 37. Qc5+ Ke8 38. Qxb6 Ke7 39. Qxb3 Ne5 40. Qe3 Kd6 41. Qd4+ Ke6 42. b4 Kf5 43. b5 Kg5 44.
Qxe5+ Kh4 45. b6 g5 46. hxg6 Kh3 47. Qh2+ Kxh2 48. f4 Kh1 49. f5 Kh2 50. f6 Kg3 51.
g7 Kh2 52. f7 Kh3 53. b7 Kh2 54. g8=N Kh3 55. f8=B Kh2 56. Kf2 Kh3 57. Bd6 Kg4 58.
Ke3 Kf5 59. Kd4 Ke6 60. b8=Q Kf5 61. Qf8+ Kg4 62. Qf4+ Kh3 63. Qg3# 1-0

[Event "Late-Titled-Tuesday-Blitz-April-02-2024"]
[Site "Chess.com"]
[Date "2024.04.02"]
[Round "3"]
[White "DrKerfuffle"]
[Black "DanielNaroditsky"]
[Result "0-1"]
[WhiteElo "2779"]
[BlackElo "3153"]
[TimeControl "180+1"]
[EndTime "14:27:28 PDT"]
[Termination "DanielNaroditsky won on time"]

1. e4 Nf6 2. e5 Nd5 3. Nf3 d6 4. g3 dxe5 5. Nxe5 Qd6 6. d4 Nc6 7. Nxc6 Qxc6 8. Bg2 Bf5 9. O-O O-O-O 10. Nc3 Nxc3 11.
bxc3 Qxc3 12. Be3 e6 13. Rb1 c6 14. Qf3 Qc4 15. Rb3 Rd7 16. h4 Bd6 17. g4 Bxc2 18. Rc1 Bxb3 19. Rxc4 Bxc4 20. a4 Bd5 21. Qe2 Bxg2 22.
Kxg2 Kb8 23. a5 a6 24. h5 h6 25. Qc2 Bc7 26. Qc5 Rd5 27. Qe7 g6 28. Qf6 Rhd8 29. hxg6 fxg6 30. Qxg6 Rxa5 31. Qxh6 Rad5 32. g5 a5 33. g6 a4 34. Bg5 Rg8 35. Bf6 a3 36. Qh7 Rxg6+ 37. Qxg6 a2 38. Qe8+ Ka7 39. Qe7 Bd6 0-1

[Event "Late-Titled-Tuesday-Blitz-April-02-2024"]
[Site "Chess.com"]
[Date "2024.04.02"]
[Round "3"]
[White "SergioMoralesG"]
[Black "Mikhail_Golubev"]
[Result "0-1"]
[WhiteElo "2410"]
[BlackElo "2603"]
[TimeControl "180+1"]
[EndTime "14:27:31 PDT"]
[Termination "Mikhail_Golubev won on time"]

1. d4 Nf6 2. c4 d6 3. Nf3 g6 4. Nc3 Bg7 5. e4 O-O 6. Be2 e5 7. Be3 h6 8. d5 Ng4 9. Bd2 f5 10. b4 a5 11. a3 axb4 12. axb4 Rxa1 13. Qxa1 Na6 14. Qa3 Nf6 15. Bd3 fxe4 16. Nxe4 Bf5 17. Nxf6+ Qxf6 18. Bxf5 gxf5 19. Bc3 f4 20. O-O Qf5 21. c5 dxc5 22. bxc5 e4 23. Bxg7 Kxg7 24. Qc3+ Kg8 25. Nh4 Qf6 26. Qh3 Nxc5 27. Rc1 Nd3 28. Rd1 Kh7 29. Qd7+ Rf7 30. Qb5 Qd4 31. Rf1 e3 32. d6 e2 33. Rb1 Qxf2+ 0-1

[Event "Late-Titled-Tuesday-Blitz-April-02-2024"]
[Site "Chess.com"]
[Date "2024.04.02"]
[Round "3"]
[White "ninguno46"]
[Black "laskakid"]
[Result "1-0"]
[WhiteElo "2584"]
[BlackElo "2300"]
[TimeControl "180+1"]
[EndTime "14:27:31 PDT"]
[Termination "ninguno46 won on time"]

1. e4 d6 2. d4 Nf6 3. f3 e5 4.
dxe5 dxe5 5. Qxd8+ Kxd8 6. Bc4 Ke8 7. Be3 a5 8. a4 Nbd7 9. Nd2 Bc5 10. Bxc5 Nxc5 11.
Ne2 Ke7 12. b3 c6 13. Nc3 Be6 14. O-O-O Rhd8 15. Bxe6 Nxe6 16. Nc4 Nd7 17. Rd2 f6 18. Rhd1 Nd4 19. f4 b5 20. axb5 cxb5 21. Nd5+ Kf7 22. Nd6+ Kf8 23. fxe5 fxe5 24. Rf2+ Nf6 25. Nb7 Rd7 26.
Nc5 Rd6 27. Nd3 Re8 28. Nxe5 Nxb3+ 29. cxb3 Rxe5 30. Nxf6 Rxd1+ 31. Kxd1 gxf6 32. Rxf6+ Kg7 33. Rf4 a4 34. bxa4 bxa4 35. Kc2 a3 36. Kb3 Ra5 37. Rf5 Ra6 38. Ka2 Ra4 39. Rf4 Kg6 40. g3 Kg5 41.
h4+ Kg6 42. e5 Ra7 43. g4 Re7 44. Rf6+ Kg7 45. Rf5 Ra7 46. e6 1-0

[Event "Late-Titled-Tuesday-Blitz-April-02-2024"]
[Site "Chess.com"]
[Date "2024.04.02"]
[Round "3"]
[White "rikchessmx"]
[Black "Laico"]
[Result "0-1"]
[WhiteElo "2224"]
[BlackElo "2397"]
[TimeControl "180+1"]
[EndTime "14:27:32 PDT"]
[Termination "Laico won by resignation"]

1. e4 e6 2. d4 d5 3. Nc3 Nf6 4. Bg5 Be7 5. e5 Nfd7 6. h4 O-O 7. Qg4 Kh8 8. f4 c5 9. Bxe7 Qxe7 10. O-O-O cxd4 11. Rxd4 Nc6 12. Rd1 f6 13. exf6 Nxf6 14. Qf3 a6 15. Re1 b5 16. Bd3 b4 17. Nce2 a5 18.
g4 Nd7 19. Qe3 Ba6 20. Nf3 Bxd3 21. cxd3 a4 22. Kb1 a3 23. b3 Qf6 24. d4 Na7 25.
Ne5 Nxe5 26. fxe5 Qg6+ 27. Ka1 Qc2 28. Qc1 Qd3 29. Qb1 Qe3 30. Qc1 Qe4 31. Qb1 Qxg4 32. Rhg1 Qf5 33. Ref1 Qxb1+ 34. Kxb1 Nb5 35. Kc2 Kg8 36.
Kd3 Rxf1 37. Rxf1 Rc8 38. h5 Rc7 39. h6 Nc3 40. Nf4 Rf7 41. hxg7 h5 42. Ke3 Nxa2 43. Rh1 Rxg7 44. Nxe6 Rg3+ 45. Kf4 Rxb3 46. Rxh5 Nc3 47.
Ng5 a2 48. e6 a1=Q 49. e7 Qf1+ 50. Ke5 Qe2+ 51. Kd6 Nb5+ 52. Kd7 Qxh5 53. e8=Q+ Qxe8+ 54. Kxe8 Nxd4 55. Kd7 Rc3 56. Kd6 Nf3 57. Kxd5 Nxg5 58. Kd4 Ne6+ 59. Kd5 b3 60. Kxe6 b2 61. Kd5 b1=Q 62.
Kd4 Qb4+ 63. Kd5 Rc5+ 64. Kd6 Qb6+ 65. Kd7 Rc7+ 0-1

[Event "Late-Titled-Tuesday-Blitz-April-02-2024"]
[Site "Chess.com"]
[Date "2024.04.02"]
[Round "3"]
[White "BebeBonito2022"]
[Black "merinasian"]
[Result "0-1"]
[WhiteElo "2281"]
[BlackElo "2500"]
[TimeControl "180+1"]
[EndTime "14:27:33 PDT"]
[Termination "merinasian won on time"]

1. d4 d6 2. e4 Nd7 3. Nf3 g6 4. Bd3 Bg7 5. c3 e6 6. O-O Ne7 7. Bg5 h6 8. Be3 b6 9. Nbd2 Bb7 10. a4 a6 11. Qc2 Nf6 12. h3 g5 13. Rfe1 Nh5 14.
c4 Ng6 15. g3 Nf6 16. e5 dxe5 17. Bxg6 fxg6 18. Qxg6+ Kf8 19. Nxe5 Qe8 20. Qc2 Qh5 21. Qg6 Rg8 22. g4 Qxg6 23. Nxg6+ Kf7 24. Ne5+ Ke7 25.
a5 b5 26. Nb3 h5 27. Nc5 Rab8 28.
Bxg5 bxc4 29. Ned7 Bd5 30. Nxb8 Rxb8 31. Nxa6 Rxb2 32.
Nxc7 Kd6 33. Nxd5 Nxd5 34. a6 Bxd4 35. Be3 Nxe3 36. fxe3 Ba7 37. Kf1 hxg4 38. hxg4 Ke5 39. Reb1 Rh2 40. Kg1 Re2 41. Rb7 Bxe3+ 42. Kh1 Kf4 43.
a7 Kg3 44. Rh7 Bxa7 45. Rhxa7 Rh2+ 46. Kg1 Rg2+ 47. Kf1 Rf2+ 48. Ke1 Rh2 49. R1a3+ Kxg4 50. Rg7+ Kf4 51. Ra4 Ke3 52. Rg3+ Kd4 53. Rg4+ Ke3 0-1

[Event "Late-Titled-Tuesday-Blitz-April-02-2024"]
[Site "Chess.com"]
[Date "2024.04.02"]
[Round "3"]
[White "Groetzi"]
[Black "TERMINATOR_PC"]
[Result "1-0"]
[WhiteElo "2410"]
[BlackElo "2574"]
[TimeControl "180+1"]
[EndTime "14:27:34 PDT"]
[Termination "Groetzi won by resignation"]

1. e4 e5 2. Nf3 Nc6 3. d4 exd4 4. Nxd4 Bc5 5. Nb3 Bb6 6. Nc3 Nge7 7. Bc4 O-O 8. Bg5 Kh8 9. Nd5 f6 10. Bh4 d6 11. Nxb6 axb6 12. O-O Ne5 13. Be2 Qe8 14.
f4 N5c6 15. Bh5 Ng6 16. Re1 Qe7 17. Bxg6 hxg6 18. Qf3 Qf7 19. a3 Be6 20. Nd2 Rae8 21. Bf2 d5 22. Qg3 dxe4 23. Nxe4 Bf5 24. Nc3 Bxc2 25. Nb5 Bf5 26. Rac1 Rxe1+ 27. Rxe1 Re8 28. Rxe8+ Qxe8 29. Nxc7 Qe2 30. h3 Qxb2 31. Qe3 Qb1+ 32. Kh2 Kh7 33. Qxb6 Qe4 34. Qe3 Qa4 35. Nd5 Nd8 36.
Ne7 Ne6 37. Nxf5 gxf5 38. Qxe6 Qxf4+ 39. Bg3 1-0

[Event "Late-Titled-Tuesday-Blitz-April-02-2024"]
[Site "Chess.com"]
[Date "2024.04.02"]
[Round "3"]
[White "Njal28"]
[Black "GaiozNigalidze"]
[Result "1-0"]
[WhiteElo "3059"]
[BlackElo "2718"]
[TimeControl "180+1"]
[EndTime "14:27:35 PDT"]
[Termination "Njal28 won on time"]

1. e4 c5 2. Nc3 d6 3. f4 g6 4.
d4 cxd4 5. Qxd4 Nf6 6. e5 Nc6 7. Bb5 dxe5 8. Qxd8+ Kxd8 9. Nf3 exf4 10. Bxf4 Bd7 11.
O-O-O Ke8 12. Rhe1 e6 13. Kb1 Be7 14. h3 a6 15. Bf1 Rd8 16. Bc7 Rc8 17. Bb6 Bd8 18.
Na4 Bxb6 19. Nxb6 Rd8 20. g4 h6 21. Bg2 Bc8 22. Nd2 Ke7 23. Ndc4 Rxd1+ 24. Rxd1 Nd7 25. Nxc8+ Rxc8 26. Nd6 Rc7 27. Nxb7 Rxb7 28. Bxc6 Rc7 29.
Bg2 f5 30. b3 Ne5 31. Re1 Kf6 32. gxf5 gxf5 33. c4 Rg7 34. Ba8 f4 35. c5 Kf5 36.
Be4+ Kf6 37. Rf1 Kg5 38. Rg1+ Kf6 39. Rxg7 Kxg7 40. c6 Nf7 41. c7 Nd6 42. Bb7 Kf6 43. c8=Q Nxc8 44. Bxc8 Kf5 45. Kc2 f3 46. Kd2 Kf4 47. Bxe6 1-0

[Event "Late-Titled-Tuesday-Blitz-April-02-2024"]
[Site "Chess.com"]
[Date "2024.04.02"]
[Round "3"]
[White "AlexeiShirov"]
[Black "anasta10"]
[Result "0-1"]
[WhiteElo "2810"]
[BlackElo "2577"]
[TimeControl "180+1"]
[EndTime "14:27:36 PDT"]
[Termination "anasta10 won by checkmate"]

1. e4 g6 2. d4 Bg7 3. Nc3 c6 4. f4 d5 5. e5 Nh6 6. Nf3 O-O 7. h3 f6 8. Bd3 c5 9. dxc5 fxe5 10. fxe5 Nc6 11. O-O Nf7 12. Bb5 e6 13. Bxc6 bxc6 14. Re1 Rb8 15. a3 a5 16. Qd4 Nh6 17. Bg5 Qc7 18. b4 Ba6 19. Rab1 axb4 20. axb4 Rxf3 21. gxf3 Nf5 22. Qf4 h6 23. Bh4 g5 24. Bxg5 hxg5 25. Qxg5 Kf7 26. Qh5+ Ke7 27. Ra1 Bc4 28. Qg5+ Kd7 29.
Ne4 dxe4 30. fxe4 Bxe5 31. exf5 Bd4+ 32. Kg2 Bd5+ 33. Kf1 Rf8 34. Ke2 Rxf5 35. Qg8 Qe5+ 36. Kd1 Bf3+ 37. Kd2 Bc3+ 38. Kc1 Qxe1# 0-1

[Event "Late-Titled-Tuesday-Blitz-April-02-2024"]
[Site "Chess.com"]
[Date "2024.04.02"]
[Round "3"]
[White "kikoveiga"]
[Black "ChempionBg"]
[Result "1-0"]
[WhiteElo "2502"]
[BlackElo "2282"]
[TimeControl "180+1"]
[EndTime "14:27:37 PDT"]
[Termination "kikoveiga won on time"]

1. e4 c5 2. Nf3 d6 3. d4 cxd4 4.
Nxd4 Nf6 5. Nc3 a6 6. Bg5 Nbd7 7.
f4 e6 8. Qf3 h6 9. Bh4 g5 10. fxg5 hxg5 11. Bxg5 Be7 12. O-O-O Ne5 13. Qe2 Qc7 14. Nf3 Bd7 15. Nxe5 dxe5 16. Kb1 O-O-O 17.
Bxf6 Bxf6 18. Qf2 Rh6 19. Qa7 Bc6 20. Be2 Rd4 21. Bf3 Qd6 22. Qa8+ Qb8 23. Qxb8+ Kxb8 24. h3 Rh8 25. Rhf1 Bg7 26. Ne2 Rxd1+ 27. Rxd1 Kc7 28.
Nc1 f5 29. Re1 Rh4 30. exf5 Bxf3 31. gxf3 exf5 32. Nd3 Rxh3 33. Kc1 Kd6 34. Rd1 1-0

[Event "Late-Titled-Tuesday-Blitz-April-02-2024"]
[Site "Chess.com"]
[Date "2024.04.02"]
[Round "3"]
[White "maurovargas01"]
[Black "chessydotcom"]
[Result "0-1"]
[WhiteElo "1863"]
[BlackElo "2300"]
[TimeControl "180+1"]
[EndTime "14:27:37 PDT"]
[Termination "chessydotcom won by checkmate"]

1. e4 c5 2. Nc3 e6 3. f4 d5 4.
Nf3 dxe4 5. Nxe4 Nf6 6. Nf2 Nc6 7. d3 Bd6 8. g3 b6 9. Bg2 Bb7 10. O-O Qc7 11. c3 O-O 12. Qe2 a5 13. Rd1 Rad8 14. Be3 Ba6 15. Rd2 Nd5 16. Qe1 Nxe3 17. Qxe3 Ne7 18.
Ne4 Nf5 19. Qf2 Be7 20. Rad1 Nd6 21. Neg5 h6 22. Nh3 c4 23. d4 Ne4 24. Qe2 Nxd2 25. Rxd2 Bb7 26. Nf2 b5 27. Ne4 b4 28.
Qf2 a4 29. Ne5 f5 30. Nc5 Bxc5 31. dxc5 Bxg2 32. Kxg2 Rxd2 33. Qxd2 Qxc5 34. cxb4 Qd5+ 35. Qxd5 exd5 36. Kf3 Rb8 37. a3 Rc8 38. Ke3 c3 39. bxc3 Rxc3+ 40. Kd4 Rxa3 41. Kxd5 Rb3 42. Kc5 a3 43. Nc4 a2 44. Nd2 Rb2 45. b5 a1=Q 46. Nc4 Rc2 47. b6 Qa6 48. Kd5 Rxc4 49. b7 Qb5+ 50. Kd6 Rc6+ 51. Kd7 Qxb7+ 52. Kd8 Rc8# 0-1

[Event "Late-Titled-Tuesday-Blitz-April-02-2024"]
[Site "Chess.com"]
[Date "2024.04.02"]
[Round "3"]
[White "Josetricks"]
[Black "giomar27"]
[Result "1-0"]
[WhiteElo "2657"]
[BlackElo "2465"]
[TimeControl "180+1"]
[EndTime "14:27:39 PDT"]
[Termination "Josetricks won by resignation"]

1. e4 e5 2. Nc3 Nf6 3. Bc4 Nc6 4. d3 Bc5 5. f4 d5 6. exd5 Bg4 7. Nge2 Nd4 8.
fxe5 Nd7 9. Bf4 Qh4+ 10. Bg3 Qh5 11. Qd2 O-O 12. Nxd4 Bxd4 13. e6 fxe6 14. dxe6 Rae8 15. Ne4 Bxe6 16. Bxe6+ Rxe6 17. c3 Bb6 18. Qe2 Qxe2+ 19. Kxe2 Nc5 20. Kd2 Nxe4+ 21. dxe4 Rxe4 22. Rae1 Rd8+ 23.
Kc2 Rde8 24. Rxe4 Rxe4 25. Rd1 Re2+ 26. Kb3 Kf7 27. Rd7+ Re7 28. Rd3 g5 29. a4 h5 30.
Rd5 Kg6 31. a5 Be3 32. h4 c6 33. Rd6+ Kf5 34. hxg5 Kxg5 35. a6 Kg4 36. Bh2 bxa6 37. Rxc6 Bb6 38. Rg6+ Kf5 39. Rg8 Re2 40. Bd6 Be3 41.
Ba3 Bg5 42. g3 Kg4 43. Bc5 Re5 44. Bxa7 Kxg3 45. Bb8 h4 46. Bxe5+ 1-0